 Dungeon Sprint DCSS version 0.17-a0-1946-gfb768fe (webtiles) character file.

640 esc the Insei (level 7, -8/54 HPs)
             Began as an Octopode Transmuter on Oct 1, 2015.
             Was an Initiate of Cheibriados.
             Mangled by a blue devil (13 damage)
             ... summoned by a kobold demonologist
             ... in the Dungeon (Sprint I: "Red Sonja").
             The game lasted 00:03:29 (995 turns).

esc the Insei (Octopode Transmuter)                  Turns: 995, Time: 00:03:29

Health: -8/54      AC:  1    Str: 10    XL:     7   Next: 51%
Magic:  13/17      EV: 16    Int: 19    God:    Cheibriados [......]
Gold:   405        SH:  0    Dex: 13    Spells: 3 memorised, 10 levels left

rFire  . . .     SeeInvis .       - Unarmed
rCold  . . .     Clarity  .     (shield currently unavailable)
rNeg   . . .     SustAt   .     (helmet restricted)
rPois  .         Gourm    .     (no amulet)
rElec  .         Spirit   .     (no ring)
rCorr  .         Warding  .     (no ring)
rMut   .         NoTele   +     (no ring)
MR     .....                    (no ring)
Stlth  ++........               (no ring)
                                (no ring)
                                (no ring)
                                (no ring)

@: blade tentacles, flying, very slow, not resistant to hostile enchantments,
unstealthy
A: almost no armour, amphibious, 8 rings, constrict 8, camouflage 1, gelatinous
body 1
a: End Transformation, Bend Time, Renounce Religion


You were in the Dungeon.
You worshipped Cheibriados.
Cheibriados was noncommittal.
You were hungry.
You had blades for tentacles.
You visited 1 branch You collected 405 gold pieces.

Inventory:

Missiles
 a - 12 arrows
Scrolls
 i - 2 scrolls of blinking {!r}
Potions
 d - a potion of curing
 f - a potion of haste
 g - 2 potions of magic
 h - a potion of berserk rage {!q}
Books
 b - a book of Changes
Comestibles
 c - 3 bread rations {@e1}


   Skills:
 + Level 7.1 Fighting
 + Level 7.3 Dodging
 + Level 7.8 Unarmed Combat
 + Level 6.7 Spellcasting
 + Level 7.3 Transmutations


You had 10 spell levels left.
You knew the following spells:

 Your Spells              Type           Power        Failure   Level  Hunger
a - Beastly Appendage     Trmt           ####..       12%         1    None
c - Spider Form           Trmt/Pois      ###.......   45%         3    ##.....
x - Blade Hands           Trmt           ####......   54%         5    #####..


Dungeon Overview and Level Annotations

Branches:
Dungeon (1/1)

Altars:
Cheibriados
Dithmenos
Elyvilon
Fedhas
Gozag
Kikubaaqudgha
Makhleb
Nemelex Xobeh
Okawaru
Qazlal
Ru
Sif Muna
Trog
Vehumet
Xom
Yredelemnul
Zin
The Shining One
Jiyva

Shops:
D *


Innate Abilities, Weirdness & Mutations

You cannot wear most types of armour.
You are amphibious.
You can wear up to eight rings at the same time.
You can use your tentacles to constrict eight enemies at once.
Your skin changes colour to match your surroundings (Stealth).
Your rubbery body absorbs attacks (AC +1).


Message History

Your transformation has ended.
Things that are here:
a scythe; a robe MP restored: 17
There is an open door here.
There is an open door here.
There is a snail-covered altar of Cheibriados here.
You curl up in front of the altar of Cheibriados.
Cheibriados welcomes you!
Cheibriados begins to support your attributes as your movement slows.
You can now bend time to slow others.
This spell is slightly dangerous to cast.
Memorise Blade Hands, consuming 5 spell levels and leaving 10?
You start memorising the spell.
You continue memorising.
You continue memorising. x4
You finish memorising.
Spell assigned to 'x'.
You open the door.
There is an open door here.
You now have 324 gold pieces (gained 27).
You now have 351 gold pieces (gained 27).
You now have 378 gold pieces (gained 27).
You now have 405 gold pieces (gained 27).
Eat which item? (? for menu, Esc to quit)
Okay, then.
You start resting.
All of the chunks of flesh in your inventory have rotted away.
You are feeling hungry.
You regained 25 hp, and now have 43/54 hp.
You start resting.
Health restored: 54 Eat which item? (? for menu, Esc to quit)
Okay, then.
Your tentacles turn into razor-sharp scythe blades.
You now have 12/17 mp.
You open the door.
A giant eyeball and a kobold demonologist come into view.
A kobold demonologist comes into view. It is wielding a dagger.
The kobold demonologist shouts! x2
The kobold demonologist casts a spell.
The giant eyeball gazes at you.
You suddenly lose the ability to move!
The kobold demonologist mumbles some strange words.
The kobold demonologist gestures wildly while chanting.
The blue devil swoops through the air toward you!
The blue devil hits you!
The kobold demonologist miscasts a cantrip.
You can move again.
There is an open door, spattered with blood here.
You take 16 damage, and have 38/54 hp.
MASSIVE DAMAGE!!
Unknown command.
Unknown command.
You slash the giant eyeball! You grab the giant eyeball.
You slash the giant eyeball.
You kill the giant eyeball!
The blue devil barely misses you.
You barely miss the kobold demonologist.
You grab the kobold demonologist. You constrict the kobold demonologist.
The blue devil hits you!!
The kobold demonologist closely misses you.
The kobold demonologist miscasts a cantrip.
You take 19 damage, and have 19/54 hp.
MASSIVE DAMAGE!!
You hit the kobold demonologist but do no damage.
You squeeze the kobold demonologist, but do no damage.
You constrict the kobold demonologist, but do no damage.
The blue devil hits you!
* * * LOW HITPOINT WARNING * * *
The kobold demonologist mumbles some strange words.
The kobold demonologist hits you with a dagger.
* * * LOW HITPOINT WARNING * * *
You take 16 damage, and have 3/54 hp.
MASSIVE DAMAGE!!
Drink which item? (? for menu, Esc to quit)
Not wearing; Degree: 0 You feel much better.
You constrict the kobold demonologist. The blue devil completely misses you.
The kobold demonologist barely misses you. x2
You regained 24 hp, and now have 27/54 hp.
You hit the kobold demonologist. You squeeze the kobold demonologist.
You constrict the kobold demonologist.
The blue devil hits you but does no damage.
The kobold demonologist closely misses you.
You barely miss the kobold demonologist.
You constrict the kobold demonologist. The smoke demon gestures at you.
Something smites you!
The kobold demonologist hits you with a dagger.
* * * LOW HITPOINT WARNING * * *
The blue devil hits you!
* * * LOW HITPOINT WARNING * * *
You take 22 damage, and have 5/54 hp.
MASSIVE DAMAGE!!
Drink which item? (? for menu, Esc to quit)
It was a potion of flight.
You feel very buoyant.
You fly up into the air.
You constrict the kobold demonologist.
The kobold demonologist hits you but does no damage.
The kobold demonologist looks braver for a moment.
The blue devil hits you!
You die...

#####################
[)..#..'..#__#.4@K4.#
.#..').#..'..'..#K3.#
###'#####'#__####3..+
##..#...#.#### ####
_####..##.#
..__##'#..+
.∩...'..._#
..._##_.#'#
____###+#.#


You could see 2 kobold demonologists, 2 smoke demons and 2 blue devils.

Vanquished Creatures
  A slime creature (D)
  Sigmund (D)
  A yak (D)
  An ogre (D)
  A jelly (D)
  Ijyb (D)
  A giant eyeball (D)
7 creatures vanquished.

Vanquished Creatures (others)
  A gargoyle (D)
1 creature vanquished.

Grand Total: 8 creatures vanquished

Notes
Turn   | Place    | Note
--------------------------------------------------------------
     0 | D        | esc the Octopode Transmuter began the quest for the Orb.
     0 | D        | Reached XP level 1. HP: 13/13 MP: 3/3
     2 | D        | Noticed Ijyb
    14 | D        | HP: 3/13 [Ijyb (3)]
    17 | D        | Killed Ijyb
    17 | D        | Reached skill level 2 in Fighting
    17 | D        | Reached skill level 3 in Dodging
    17 | D        | Reached skill level 4 in Unarmed Combat
    17 | D        | Reached skill level 3 in Spellcasting
    17 | D        | Reached skill level 3 in Transmutations
    17 | D        | Reached XP level 2. HP: 2/20 MP: 4/6
    17 | D        | Reached XP level 3. HP: 2/25 MP: 4/7
   305 | D        | Learned a level 3 spell: Spider Form
   305 | D        | Noticed an ogre
   313 | D        | Killed an ogre
   313 | D        | Reached skill level 4 in Fighting
   313 | D        | Reached skill level 4 in Dodging
   313 | D        | Reached skill level 5 in Unarmed Combat
   313 | D        | Reached skill level 4 in Spellcasting
   313 | D        | Reached skill level 4 in Transmutations
   313 | D        | Reached XP level 4. HP: 30/33 MP: 1/10
   313 | D        | Reached XP level 5. HP: 33/37 MP: 1/11
   392 | D        | Noticed Sigmund
   398 | D        | Killed Sigmund
   398 | D        | Reached skill level 5 in Fighting
   398 | D        | Reached skill level 5 in Dodging
   398 | D        | Reached skill level 6 in Unarmed Combat
   398 | D        | Reached skill level 5 in Spellcasting
   398 | D        | Reached skill level 5 in Transmutations
   398 | D        | Reached XP level 6. HP: 42/45 MP: 9/14
   430 | D        | Found a deep blue altar of Sif Muna.
   431 | D        | Noticed a jelly
   432 | D        | Found a radiant altar of Vehumet.
   439 | D        | Killed a jelly
   439 | D        | Reached skill level 6 in Dodging
   439 | D        | Reached skill level 6 in Transmutations
   596 | D        | Found Roqomix's General Store.
   596 | D        | Found a white marble altar of Elyvilon.
   596 | D        | Found a stormy altar of Qazlal.
   596 | D        | Found a burning altar of Makhleb.
   596 | D        | Found a sacrificial altar of Ru.
   596 | D        | Found a basalt altar of Yredelemnul.
   596 | D        | Found a glowing golden altar of the Shining One.
   596 | D        | Found a sparkling altar of Nemelex Xobeh.
   596 | D        | Found a shimmering altar of Xom.
   596 | D        | Found an opulent altar of Gozag.
   596 | D        | Found an ancient bone altar of Kikubaaqudgha.
   596 | D        | Found a glowing silver altar of Zin.
   596 | D        | Noticed a yak
   609 | D        | Killed a yak
   609 | D        | Reached skill level 6 in Fighting
   609 | D        | Reached skill level 7 in Unarmed Combat
   609 | D        | Reached skill level 6 in Spellcasting
   609 | D        | Reached XP level 7. HP: 31/53 MP: 12/16
   610 | D        | Found an iron altar of Okawaru.
   613 | D        | Found a bloodstained altar of Trog.
   735 | D        | Found a viscous altar of Jiyva.
   735 | D        | Found a blossoming altar of Fedhas.
   735 | D        | Noticed a slime creature
   736 | D        | Found a snail-covered altar of Cheibriados.
   736 | D        | Found a shadowy altar of Dithmenos.
   743 | D        | HP: 10/53 [slime creature (19)]
   754 | D        | Killed a slime creature
   754 | D        | Reached skill level 7 in Fighting
   754 | D        | Reached skill level 7 in Dodging
   754 | D        | Reached skill level 7 in Transmutations
   766 | D        | Became a worshipper of Cheibriados the Contemplative
   774 | D        | Learned a level 5 spell: Blade Hands
   820 | D        | Killed a gargoyle
   984 | D        | Noticed a kobold demonologist
   985 | D        | Noticed a kobold demonologist
   985 | D        | Paralysed by a giant eyeball for 4 turns
   986 | D        | Noticed a blue devil
   987 | D        | Noticed a smoke demon
   988 | D        | Noticed a blue devil
   991 | D        | HP: 8/54 [blue devil[a kobold demonologist] (11)]
   991 | D        | HP: 3/54 [kobold demonologist/dagger (5)]
   992 | D        | Noticed a smoke demon
   995 | D        | Mangled by a blue devil

Vault maps used:
D:        dungeon_sprint_1

Action                   |  1- 3 |  4- 6 |  7- 9 || total
-------------------------+-------+-------+-------++-------
Melee: Unarmed           |    17 |    24 |    13 ||    54
 Cast: Beastly Appendage |     1 |       |       ||     1
       Spider Form       |     1 |     3 |     1 ||     5
       Blade Hands       |       |       |     1 ||     1
  Use: Potion            |       |       |     2 ||     2
 Stab: Sleeping          |     1 |       |       ||     1

Vault maps used:
D:        dungeon_sprint_1

Table legend:
 A = Turns spent in this place as a percentage of turns spent in the entire game.
 B = Non-inter-level travel turns spent in this place as a percentage of non-inter-level travel turns spent in the entire game.
 C = Inter-level travel turns spent in this place as a percentage of turns spent in this place.
 D = Turns resting spent in this place as a percentage of non-inter-level travel turns spent in this place.
 E = Turns spent auto-exploring this place as a percentage of non-inter-level travel turns spent in this place.
 F = Non-inter-level travel turns spent in this place divided by the number of levels of this place that you've seen.
                   A       B       C       D       E      F
               +-------+-------+-------+-------+-------+----------------------
         Total | 100.0 | 100.0 |   0.0 |   7.8 |   0.0 | 192.0
       Dungeon | 100.0 | 100.0 |   0.0 |   7.8 |   0.0 | 192.0
               +-------+-------+-------+-------+-------+----------------------

Table legend:
 A = Kills in this place as a percentage of kills in entire the game.
 B = Kills by you in this place as a percentage of kills by you in the entire game.
 C = Kills by friends in this place as a percentage of kills by friends in the entire game.
 D = Other kills in this place as a percentage of other kills in the entire game.
 E = Experience gained in this place as a percentage of experience gained in the entire game.
 F = Experience gained in this place divided by the number of levels of this place that you have seen.
                   A       B       C       D       E      F
               +-------+-------+-------+-------+-------+----------------------
         Total | 100.0 | 100.0 |  -nan |  -nan | 100.0 | 915.0
       Dungeon | 100.0 | 100.0 |  -nan |  -nan | 100.0 | 915.0
               +-------+-------+-------+-------+-------+----------------------
